 Dungeon Crawl Stone Soup version 0.28-a0-909-g796cbd3a86 (webtiles) character file.

Game seed: 10475955105946278601

5594 ders the Summoner (level 10, -4/37 HPs)
             Began as a Felid Summoner on Nov 24, 2021.
             Was an Elder of Elyvilon (penitent).
             Slain by a komodo dragon (30 damage)
             ... on level 2 of the Lair of Beasts.
             The game lasted 00:46:14 (16630 turns).

ders the Summoner (Felid Summoner)                 Turns: 16630, Time: 00:46:15

Health: -4/37      AC:  2    Str:  4    XL:     10   Next: 45%
Magic:  1/23       EV: 26    Int: 19    God:    Elyvilon [*]
Gold:   794        SH:  0    Dex: 18    Spells: 15/26 levels left
                                        Lives:  0   Deaths: 3

rFire   + + .      SeeInvis +   (weapon unavailable)
rCold   + . .      Faith    .   (shield unavailable)
rNeg    . . .      Spirit   .   (armour unavailable)
rPois   +          Reflect  .   (helmet unavailable)
rElec   +          Harm     .   (cloak unavailable)
rCorr   +          Rampage  .   (gloves unavailable)
Will    +....                   (boots unavailable)
Stlth   ++........              (no amulet)
HPRegen 0.12/turn               h - ring of protection from fire
MPRegen 0.18/turn               g - ring of flight

@: resistant, marked, flying, invisible, quick
A: very small, claws 1, fangs 3, see invisible, speed 1, shaggy fur 2, stealthy
paws, no weapons or thrown items, no armour, multi-lived
a: Renounce Religion


You were on level 2 of the Lair of Beasts.
You worshipped Elyvilon.
Elyvilon was demanding penance.
You visited 4 branches of the dungeon, and saw 14 of its levels.

You collected 794 gold pieces.

Inventory:

Jewellery
 g - a ring of flight (right paw)
 h - a ring of protection from fire (left paw)
 t - a +4 ring of evasion
Wands
 f - a wand of flame (28)
 k - a wand of paralysis (16)
 p - a wand of acid (13)
 r - a wand of iceblast (5)
Scrolls
 a - a scroll of immolation
 e - 2 scrolls of enchant armour
 n - a scroll of identify
Potions
 b - a potion of attraction
 c - 4 potions of degeneration
 d - a potion of invisibility
 l - a potion of brilliance
 m - 2 potions of resistance
 s - a potion of lignification


   Skills:
 + Level 12.4 Dodging
 - Level 2.6 Stealth
 + Level 8.8 Spellcasting
 * Level 13.7 Summonings


You had 15 spell levels left.
You knew the following spells:

 Your Spells              Type           Power      Damage    Failure   Level
a - Summon Small Mammal   Summ           100%       N/A       1%          1
b - Call Canine Familiar  Summ           57%        N/A       1%          3
c - Summon Guardian Gole  Hex/Summ       34%        N/A       1%          3
d - Summon Lightning Spi  Summ/Air       34%        N/A       4%          4

Your spell library contained the following spells:

 Spells                   Type           Power      Damage    Failure   Level
 Call Imp                 Summ           57%        N/A       1%          2
 Corpse Rot               Necr/Air       16%        N/A       13%         2
 Poisonous Vapours        Pois/Air       16%        N/A       13%         2


Dungeon Overview and Level Annotations

Branches:
Dungeon (10/15)            Temple (1/1) D:6            Lair (2/6) D:9
  Snake (1/4) Lair:2          Orc (0/2) D:9
  Swamp: Lair:2-4    Shoals: Lair:2-4

Altars:
Ashenzari
Cheibriados
Dithmenos
Elyvilon
Fedhas
Gozag
Hepliaklqana
Kikubaaqudgha
Makhleb
Nemelex Xobeh
Okawaru
Qazlal
Ru
Sif Muna
Trog
Uskayaw
Vehumet
Wu Jian
Xom
Yredelemnul
Zin
The Shining One

Shops:
D:6 (

Annotations:
D:9 1 runed translucent door
Lair:2 Harold


Innate Abilities, Weirdness & Mutations

You have sharp claws.
You have razor-sharp teeth.
You have supernaturally acute eyesight. (SInv)
You cover ground quickly. (Speed+)
You are covered in thick fur. (AC +2)
Your paws help you pounce on unaware monsters.
You are incapable of wielding weapons or throwing items.
You cannot wear armour.
You gain extra lives every three experience levels.


Message History

The cane toad closely misses you.
You barely miss the water moccasin.
The water moccasin is lightly wounded.
The wolf is engulfed in blazing flames.
The water moccasin completely misses you.
The cane toad is engulfed in blazing flames.
The cane toad completely misses you.
The wolf is engulfed in blazing flames. x2
You scratch the water moccasin.
The water moccasin is moderately wounded.
The water moccasin misses you.
The cane toad is engulfed in blazing flames.
The cane toad misses you.
The wolf is engulfed in blazing flames.
You scratch the water moccasin.
The water moccasin is moderately wounded.
The water moccasin completely misses you.
The wolf is engulfed in blazing flames.
The cane toad is engulfed in blazing flames.
The cane toad dies!
You pounce on the helpless water moccasin from behind!
You scratch the water moccasin.
The water moccasin is heavily wounded.
You feel yourself slow down. The water moccasin misses you.
The wolf is engulfed in blazing flames.
The wolf dies!
The komodo dragon is engulfed in blazing flames.
Really read the scroll of immolation?
Okay, then.
You scratch the water moccasin.
The water moccasin is severely wounded.
The water moccasin closely misses you.
The komodo dragon is engulfed in blazing flames.
The komodo dragon closely misses you.
You pounce on the helpless water moccasin from behind!
You scratch the water moccasin.
The water moccasin is almost dead.
The water moccasin completely misses you. x2
The komodo dragon is engulfed in blazing flames.
The komodo dragon bites you!!
Ouch! That really hurt!
You die...

,,,**#.#...# ,,,,**#....#
,*,,**#....# ,*,,,*#.#..#
,**...##...# #########
,**#.......####..##...# ,*
#...###..#..hSh§§..# ,*
###*#.#.....#Sll§#.#
,*#*#####.....##@#.##h#
,*#.#...#.>...#######.#
,.#.......S...#.##* #l###
,...............#.#*#S#.## *#
,..P.###..F.#......##....#######.
*.##** #..S####.....†....##.#P#.#
,** #...## *#...§..#....#..... .*
##.#.# *#.#...§........## .#*
#.S.## **###............


You could see 2 komodo dragons, 2 water moccasins and 2 wolves.

Vanquished Creatures
  A black mamba (Lair:2)
  A yak (D:9)
  2 water moccasins (Lair:2)
  A centaur (D:10)
  A wyvern zombie (D:9)
  A howler monkey zombie (D:5)
  2 howler monkey skeletons
  A gnoll (D:4)
  An ufetubus (D:7)
  2 dart slugs (D:4)
  3 ball pythons
  An endoplasm (D:1)
  3 goblins
  A jackal (D:5)
  A bat (D:3)
  3 frilled lizards
  2 rats
27 creatures vanquished.

Vanquished Creatures (collateral kills)
  A two-headed ogre (D:10)
  A black mamba (Lair:2)
  5 cane toads (Lair:1)
  Maggie (D:8)
  2 komodo dragons (Lair:2)
  Psyche (D:9)
  A hornet (D:10)
  4 blink frogs (Lair:1)
  A wraith (D:9)
  2 yaks
  5 water moccasins
  A sky beast (D:7)
  A black bear (D:6)
  A hornet zombie (D:9)
  6 bullfrogs
  2 gnoll sergeants
  A wyvern zombie (D:6)
  A scorpion (D:7)
  A wyvern skeleton (D:7)
  2 water moccasin zombies
  Dowan (D:7)
  3 killer bees (D:9)
  A wight (D:8)
  2 nameless horrors
  3 hounds
  2 orc priests (D:9)
  A jelly (D:6)
  7 orc wizards
  A howler monkey zombie (D:9)
  An adder (D:2)
  8 gnolls
  A white imp (D:6)
  An ufetubus (D:5)
  5 worms
  A dart slug (D:4)
  25 orcs
  5 ball pythons
  4 bat zombies (D:6)
  3 endoplasms
  A goblin (D:1)
  4 hobgoblins
  2 jackals (D:5)
  A quokka (D:3)
  2 bats
  3 frilled lizards (D:2)
  9 kobolds
  3 rats
  A rat zombie (D:6)
  A spectral hobgoblin (D:8)
142 creatures vanquished.

Vanquished Creatures (others)
  A cane toad (Lair:2)
  2 black mambas (Lair:2)
  Prince Ribbit (D:5)
  A blink frog (Lair:1)
  A wyvern (Lair:2)
  Eustachio (D:4)
  8 yaks
  A steam dragon (D:6)
  A water moccasin (Lair:2)
  Duvessa (D:7)
  An ice beast (D:7)
  An orc warrior (D:9)
  2 ogres
  2 wolves (Lair:2)
  3 centaurs
  A bullfrog (D:9)
  2 scorpions
  A killer bee (D:9)
  2 wights (D:8)
  A nameless horror (D:7)
  A gnoll (D:7)
  3 worms (D:4)
  4 orcs
  A hobgoblin (D:4)
  9 fungi
  12 plants
64 creatures vanquished.

Grand Total: 233 creatures vanquished

Notes
Turn   | Place    | Note
-------+----------+-------------------------------------------
     0 | D:1      | ders the Felid Summoner began the quest for the Orb.
     0 | D:1      | Reached XP level 1. HP: 7/7 MP: 4/4
   234 | D:1      | Found a faded altar of an unknown god.
   314 | D:1      | Reached XP level 2. HP: 8/11 MP: 3/6
  1033 | D:2      | Reached XP level 3. HP: 9/14 MP: 2/7
  1037 | D:2      | Learned a level 3 spell: Call Canine Familiar
  2119 | D:3      | Learned a level 3 spell: Summon Guardian Golem
  2318 | D:3      | Reached XP level 4. HP: 18/18 MP: 4/8
  2439 | D:3      | Noticed an ogre
  2461 | D:3      | Killed an ogre
  2462 | D:3      | Reached skill level 5 in Summonings
  2462 | D:3      | Reached XP level 5. HP: 12/21 MP: 3/10
  3244 | D:4      | Noticed a nameless horror
  3267 | D:4      | Killed a nameless horror
  3502 | D:4      | Noticed Eustachio
  4375 | D:4      | Killed Eustachio
  4376 | D:4      | Reached skill level 5 in Dodging
  4376 | D:4      | Reached skill level 6 in Summonings
  4376 | D:4      | Gained mutation: You are covered in thick fur. (AC +2)
                  | [Felid growth]
  4376 | D:4      | Reached XP level 6. HP: 20/24 MP: 3/12
  4583 | D:4      | Found a snail-covered altar of Cheibriados.
  4714 | D:5      | Entered Level 5 of the Dungeon
  4714 | D:5      | Noticed Prince Ribbit
  5057 | D:5      | Slain by Prince Ribbit
  5058 | D:5      | Reached XP level 5. HP: -2/21 MP: 6/11
  5194 | D:5      | Reached XP level 6. HP: 21/24 MP: 7/12
  5373 | D:5      | Killed Prince Ribbit
  5374 | D:5      | Reached skill level 7 in Summonings
  5518 | D:5      | Reached XP level 7. HP: 27/27 MP: 7/14
  5579 | D:5      | Identified the +6 falchion of Dung {flame, rN+ Dex+2}
  6069 | D:6      | Learned a level 4 spell: Summon Lightning Spire
  6072 | D:6      | Found a broken altar of Ashenzari.
  6173 | D:6      | Found Vompiprou's Weapon Boutique.
  6274 | D:6      | Noticed a steam dragon
  6292 | D:6      | Killed a steam dragon
  6867 | D:6      | Reached skill level 8 in Summonings
  7068 | D:6      | Found an ancient bone altar of Kikubaaqudgha.
  7165 | D:6      | Found a staircase to the Ecumenical Temple.
  7184 | Temple   | Entered the Ecumenical Temple
  7272 | Temple   | Became a worshipper of Elyvilon the Healer
  7317 | D:6      | Reached XP level 8. HP: 31/31 MP: 6/16
  7450 | D:7      | HP: 1/31 [acid (8)]
  7460 | D:6      | HP: 1/31 [acid (9)]
  7464 | D:6      | Reached skill level 5 in Spellcasting
  7939 | D:7      | Found a shimmering blue altar of Sif Muna.
  8094 | D:7      | Noticed Dowan
  8096 | D:7      | Noticed a nameless horror
  8125 | D:7      | Killed a nameless horror
  8265 | D:7      | Killed Dowan
  8716 | D:7      | Reached skill level 9 in Summonings
  8940 | D:7      | Noticed Duvessa
  8950 | D:7      | Killed Duvessa
  9188 | D:7      | Identified the +6 falchion "Zijoq" {vorpal, Str+3 Int+4
                  | Stlth-}
  9433 | D:7      | Reached XP level 9. HP: 24/34 MP: 13/18
  9907 | D:7      | Reached * piety under Elyvilon
  9977 | D:8      | Noticed Maggie
 10008 | D:8      | Killed Maggie
 10009 | D:8      | Reached skill level 10 in Summonings
 10403 | D:8      | Found a hazy altar of Hepliaklqana.
 11364 | D:9      | Reached skill level 11 in Summonings
 11370 | D:9      | Reached ** piety under Elyvilon
 11666 | D:9      | Found an ornate altar of the Wu Jian Council.
 11707 | D:9      | Reached XP level 10. HP: 37/37 MP: 11/21
 11710 | D:9      | Reached skill level 10 in Dodging
 11888 | D:9      | Found a shadowy altar of Dithmenos.
 11900 | D:9      | Found a staircase to the Orcish Mines.
 11947 | D:9      | Found a staircase to the Lair.
 12171 | D:9      | Noticed a cyan ugly thing
 12171 | D:9      | Noticed a skeletal warrior
 12177 | D:9      | Found a runed translucent door.
 12233 | D:9      | Noticed Psyche
 12248 | D:9      | Killed Psyche
 12334 | D:9      | Noticed a boulder beetle
 12334 | D:9      | Noticed a centaur warrior
 12334 | D:9      | Noticed a boulder beetle
 12334 | D:9      | Noticed a tengu warrior
 12335 | D:9      | Noticed a rakshasa
 12364 | D:9      | Elyvilon protects you from harm!
 12369 | D:9      | Shot with an arrow by a centaur warrior
 12370 | D:9      | Reached XP level 9. HP: -5/34 MP: 11/20
 12433 | D:10     | Entered Level 10 of the Dungeon
 12433 | D:10     | Reached *** piety under Elyvilon
 12457 | D:10     | Noticed a two-headed ogre
 12470 | D:10     | Killed a two-headed ogre
 12940 | D:10     | Noticed a kobold demonologist
 12952 | D:10     | Noticed a sun demon
 12958 | D:10     | Noticed an orange demon
 13103 | D:10     | Reached skill level 12 in Summonings
 13385 | D:10     | Reached **** piety under Elyvilon
 13863 | D:10     | Reached XP level 10. HP: 30/37 MP: 16/22
 14204 | D:9      | Noticed a cyclops
 14210 | D:9      | Noticed a centaur warrior
 14228 | Lair:1   | Entered Level 1 of the Lair of Beasts
 14228 | Lair:1   | Noticed a cane toad
 14241 | Lair:1   | Noticed a cane toad
 14249 | Lair:1   | Killed a cane toad
 14264 | Lair:1   | Killed a cane toad
 14420 | Lair:1   | Noticed a cane toad
 14428 | Lair:1   | Killed a cane toad
 14933 | Lair:1   | Reached ***** piety under Elyvilon
 14973 | Lair:1   | Noticed a cane toad
 14979 | Lair:1   | Killed a cane toad
 15374 | Lair:1   | Noticed a cane toad
 15472 | Lair:1   | Killed a cane toad
 15473 | Lair:1   | Reached skill level 13 in Summonings
 16171 | Lair:2   | Noticed a black mamba
 16174 | Lair:2   | Noticed a black mamba
 16174 | Lair:2   | Noticed a black mamba
 16192 | Lair:2   | Found a staircase to the Snake Pit.
 16448 | Lair:2   | Noticed a black mamba
 16463 | Lair:2   | Killed a black mamba
 16463 | Lair:2   | Was placed under penance by Elyvilon
 16470 | Lair:2   | Reached XP level 11. HP: 13/40 MP: 13/24
 16487 | Lair:2   | Elyvilon protects you from harm!
 16531 | Lair:2   | Mangled by a black mamba
 16532 | Lair:2   | Reached XP level 10. HP: -11/37 MP: 7/23
 16566 | Lair:2   | Killed a black mamba
 16572 | Lair:2   | Noticed a cane toad
 16574 | Lair:2   | Noticed Harold
 16593 | Snake:1  | Entered Level 1 of the Snake Pit
 16623 | Lair:2   | Killed a black mamba
 16627 | Lair:2   | Killed a cane toad
 16630 | Lair:2   | Slain by a komodo dragon

Illustrated notes

Levels and vault maps discovered:
D:1:      lemuel_arrival_room, layout_basic, hellmonk_ecumenical_altar_lost_god
D:2:      layout_basic
D:3:      layout_loops_ring, serial_bayou_ford_a
D:4:      layout_loops_ring, kennysheep_slug_shrine, nicolae_wormholes,
          uniq_eustachio
D:5:      layout_loops_ring, uniq_prince_ribbit1
D:6:      layout_loops_ring, mainiacjoe_overflow_cross_hatched,
          lemuel_zombie_altar_kikubaaqudgha, minmay_temple_entry_nine_rooms,
          serial_shops, nicolae_shop_behind_doors
D:7:      layout_cave_pods, lemuel_blue_sif_altar, nicolae_figureground_pulse,
          uniq_duvessa
D:8:      layout_basic, nicolae_hepliaklqana_monster_ancestors,
          grunt_ministairs_6, onia_ninara_dug_in_and_dangerous, uniq_maggie
D:9:      minmay_the_grid_triangle_9x9_recursive_2
          [minmay_the_grid_triangle_9x9_prize_top_heavy,
          minmay_the_grid_triangle_9x9_subtriangle,
          minmay_the_grid_triangle_9x9_swiss_cheese,
          minmay_the_grid_triangle_9x9_shrine], layout_stronghold,
          mainiacjoe_overflow_alcove_4, amcnicky_altar_gilded,
          kennysheep_windowed_goal, uniq_psyche
D:10:     layout_stronghold, grunt_decor_arrowhead,
          ebering_dispersal_statue_hall
Temple:   regret_index_temple_waves
Lair:1:   layout_regular_city, serial_bayou_crossing
Lair:2:   layout_cave_shapes, minmay_snake_entry_six_corridors, uniq_urug,
          uniq_harold
Snake:1:  layout_cave_shapes, serial_shops, nicolae_shop_hallway_stairs

Skill      XL: |  1  2  3  4  5  6  7  8  9 10 |
---------------+-------------------------------+-----
Dodging        | 3 4 5 6 7 8 11 12 | 12.4
Summonings     | 5 6 7 8 9 12 13 | 13.7
Spellcasting   | 3 4 5 6 8 |  8.8
Stealth        | |  2.6

Action                   |  1- 3 |  4- 6 |  7- 9 | 10-12 || total
-------------------------+-------+-------+-------+-------++-------
Melee: Unarmed           |    43 |    53 |    64 |    57 ||   217
       Bite              |     6 |     3 |     6 |     4 ||    19
 Cast: Summon Small Mamm |    46 |    18 |    13 |     3 ||    80
       Call Canine Famil |    12 |    30 |    65 |    29 ||   136
       Summon Guardian G |       |    10 |    40 |    29 ||    79
       Summon Lightning  |       |       |    12 |    25 ||    37
  Use: Scroll            |       |    10 |     4 |     8 ||    22
       Potion            |       |     1 |     3 |    10 ||    14
 Stab: Sleeping          |       |     2 |       |       ||     2
       Distracted        |       |       |     4 |     1 ||     5
       Invisible         |       |       |       |     5 ||     5
Armor: Skin              |     3 |     9 |     9 |     1 ||    22
Dodge: Dodged            |    70 |   111 |   168 |   183 ||   532

Table legend: (Time is in decaauts)
 A = Elapsed time spent in this place.
 B = Non-inter-level travel time spent in this place.
 C = Inter-level travel time spent in this place.
 D = Time resting spent in this place.
 E = Time spent auto-exploring this place.
 F = Levels seen in this place.
 G = Mean time per level.
                   A        B        C        D        E       F      G
               +--------+--------+--------+--------+--------+-----+--------+
         Total |  15042 |  14379 |    663 |   5719 |   5808 |  14 | 1074.4 |
       Dungeon |  12766 |  12184 |    582 |   4601 |   5171 |  10 | 1276.6 |
        Temple |     88 |     71 |     17 |      0 |     59 |   1 |   88.0 |
          Lair |   2186 |   2123 |     63 |   1118 |    578 |   2 | 1093.0 |
     Snake Pit |      1 |      1 |      0 |      0 |      0 |   1 |    1.0 |
               +--------+--------+--------+--------+--------+-----+--------+

Top non-repeatable levels by time:
     D:7: 2083 daAuts
  Lair:1: 1650 daAuts
     D:4: 1624 daAuts
     D:6: 1392 daAuts
    D:10: 1338 daAuts
     D:9: 1273 daAuts
     D:8: 1199 daAuts
     D:3: 1161 daAuts
     D:5: 980 daAuts
     D:1: 866 daAuts
     D:2: 846 daAuts
  Lair:2: 536 daAuts
  Temple: 88 daAuts
 Snake:1: 1 daAuts
